 Dungeon Crawl Stone Soup version 0.30.0-19-g36f170ea60 (webtiles) character file.

Game seed: 10379446240465291483

263 loir the Poker (level 6, 0/48 HPs)
             Began as a Merfolk Gladiator on May 31, 2023.
             Slain by a hound (1 damage)
             ... on level 4 of the Dungeon.
             The game lasted 00:10:51 (3141 turns).

loir the Poker (Merfolk Gladiator)                  Turns: 3141, Time: 00:10:51

Health: 0/48       AC:  4    Str: 17    XL:     6   Next: 19%
Magic:  6/6        EV: 14    Int:  7    God:
Gold:   125        SH:  0    Dex: 15    Spells: 5/5 levels left

rFire   + . .        a - +0 trident
rCold   + . .        (no shield)
rNeg    . . .        b - +0 leather armour
rPois   .            c - +0 helmet
rElec   .            j - scarf {rC+ rF+}
rCorr   .            (no gloves)
SInv    .            (no boots)
Will    .....        (no amulet)
Stlth   +            (no ring)
HPRegen 0.28/turn    (no ring)
MPRegen 0.10/turn

%: no passive effects
@: no status effects
A: (nimble swimmer 2), mertail
a: no special abilities


You were on level 4 of the Dungeon.
You visited 1 branch of the dungeon, and saw 4 of its levels.

You collected 125 gold pieces.

Inventory:

Hand Weapons
 a - a +0 trident (weapon)
Missiles
 d - 3 throwing nets
 e - a javelin
 f - 6 silver javelins
 g - 4 poisoned darts (quivered)
Armour
 b - a +0 leather armour (worn)
 c - a +0 helmet (worn)
 j - a scarf of resistance (worn)
Jewellery
 m - a +6 ring of strength
Scrolls
 i - a scroll of amnesia
 o - 2 scrolls of fear
Potions
 h - 4 potions of curing {unknown}
 l - a potion of flight {unknown}
 n - 2 potions of mutation {unknown}


   Skills:
 * Level 4.1 Fighting
 * Level 5.8 Polearms
 + Level 3.0 Throwing
 * Level 5.7 Dodging


You had 5 spell levels left.
You didn't know any spells.
Your spell library was empty.

Dungeon Overview and Level Annotations

Branches:
Dungeon (4/15)
 Temple: D:4-7

Altars:
The Shining One

Annotations:
D:4 Robin


Innate Abilities, Weirdness & Mutations

((You are very nimble when in or above water. (Stealth+, EV+, Speed+++)))
Your lower body shifts to a powerful aquatic tail in water.


Message History

The hound bites you. The hobgoblin closely misses you. The goblin misses you.
The hound barely misses you.
You barely miss the hound.
The hound is heavily wounded.
The hound barely misses you. The goblin hits you but does no damage.
The hobgoblin attacks as you move away! The hobgoblin closely misses you.
Robin throws the goblin at you! The goblin hits you but does no damage.
The hound closely misses you.
You puncture the hound!
The hound is almost dead.
The goblin no longer looks unusually strong.
The hound completely misses you.
The goblin hits you with a +2 dagger of electrocution.
You are electrocuted!
* * * LOW HITPOINT WARNING * * *
Robin roars a battlecry!
The goblin goes into a battle-frenzy!
You feel much better.
The goblin no longer looks unusually strong.
The hound closely misses you.
The goblin hits you with a +2 dagger of electrocution.
The goblin barely misses you. The hound bites you but does no damage.
The hobgoblin attacks as you move away! The hobgoblin barely misses you.
The hound attacks as you move away! The hound bites you. The goblin misses you.
The goblin hits you with a +0 dagger. The goblin attacks as you move away!
The goblin misses you.
The hound stops to sniff the ground.
Robin throws the goblin at you! The hound barely misses you.
The goblin attacks as you move away!
The goblin hits you with a +2 dagger of electrocution.
You are electrocuted!!
* * * LOW HITPOINT WARNING * * *
The goblin no longer looks unusually strong.
You puncture the goblin!
You kill the goblin!
The hobgoblin no longer looks unusually strong.
The hound bites you.
* * * LOW HITPOINT WARNING * * *
The hound bites you.
You die...

##......## ##.....#
##..))## ### ###
##....#####.# .. ..#
#......##.## # #...#
##.......## #.....#
##....##.#
#.......#####).......#
# #...#
#....#gg@.......#
##...#
##.....h##......##
....#
##....gg#########.#
.[.# #.....g.# ###
...####....##..#
.......... #..##
......... #)..#
...###... #)).# ...#
.. #....#


You could see a hound, Robin, 2 hobgoblins and 2 goblins.

Vanquished Creatures
  A hound (D:4)
  An orc priest (D:4)
  An iguana (D:4)
  An orc wizard (D:4)
  4 adders
  5 worms
  4 dart slugs
  9 orcs
  6 bats
  2 endoplasms
  2 giant cockroaches
  15 goblins
  5 hobgoblins
  9 jackals
  5 kobolds
  5 quokkas
  5 ball pythons
  A frilled lizard (D:1)
  3 rats
84 creatures vanquished.

Notes
Turn   | Place    | Note
-------+----------+-------------------------------------------
     0 | D:1      | loir the Merfolk Gladiator began the quest for the Orb.
     0 | D:1      | Reached XP level 1. HP: 16/16 MP: 1/1
   130 | D:1      | Reached XP level 2. HP: 5/23 MP: 2/2
   717 | D:1      | Reached XP level 3. HP: 27/28 MP: 3/3
  1834 | D:3      | Reached XP level 4. HP: 35/35 MP: 4/4
  2215 | D:3      | Reached skill level 5 in Polearms
  2215 | D:3      | Reached skill level 5 in Dodging
  2415 | D:4      | Found a glowing golden altar of the Shining One.
  2455 | D:4      | Reached XP level 5. HP: 37/41 MP: 5/5
  2915 | D:4      | Reached XP level 6. HP: 22/48 MP: 6/6
  3122 | D:4      | Noticed Robin
  3140 | D:4      | HP: 2/48 [goblin/+2 dagger of electrocution[Robin] (18)]
  3141 | D:4      | Slain by a hound

Illustrated notes

Levels and vault maps discovered:
D:1:      dpeg_arrival_shelter, layout_basic, serial_forest,
          infiniplex_forest_straight_3, infiniplex_forest_straight_2,
          infiniplex_forest_clump_diagonal, infiniplex_forest_clump_double,
          infiniplex_forest_lined_4_way, infiniplex_forest_clump_long
D:2:      layout_basic, uniq_crazy_yiuf_cottage
D:3:      layout_rooms, minmay_misc_feat_alley, kennysheep_nub,
          grunt_ministairs_3
D:4:      layout_layer_cave, mainiacjoe_overflow_chevrons, uniq_robin

Skill      XL: |  1  2  3  4  5  6 |
---------------+-------------------+-----
Fighting       | 3 4 |  4.1
Polearms       | 5 |  5.8
Dodging        | 5 |  5.7
Throwing       | 3 |  3.0

Action                     |  1- 3 |  4- 6 || total
---------------------------+-------+-------++-------
  Melee: Trident           |   122 |   170 ||   292
         Punch             |       |     5 ||     5
  Throw: Dart              |       |     7 ||     7
    Use: Scroll            |     6 |     1 ||     7
         Potion            |       |     4 ||     4
   Stab: Sleeping          |       |     1 ||     1
 Armour: Leather armour    |    32 |    43 ||    75
  Dodge: Dodged            |    57 |   117 ||   174
